 Dungeon Crawl Stone Soup version 0.17.2-1-ge4368a0 (webtiles) character file.

349 Goblin1989 the Cudgeler (level 6, -2/47 HPs)
             Began as a Demonspawn Fighter on Sept 27, 2016.
             Was a Believer of Cheibriados.
             Killed by divine providence
             ... invoked by an orc priest
              (14 damage)
             ... on level 5 of the Dungeon.
             The game lasted 00:10:09 (3132 turns).

Goblin1989 the Cudgeler (Demonspawn Fighter)        Turns: 3132, Time: 00:10:09

Health: -2/47      AC: 12    Str: 24    XL:     6   Next: 33%
Magic:  0/6        EV:  6    Int: 15    God:    Cheibriados [**....]
Gold:   327        SH: 10    Dex: 19    Spells: 0 memorised, 5 levels left

rFire  . . .     SeeInvis .     a - +0 flail
rCold  + . .     Clarity  .     z - +0 plate armour
rNeg   . . .     SustAt   .     w - +0 shield
rPois  +         Gourm    .     (no helmet)
rElec  .         Spirit   +     (no cloak)
rCorr  .         Warding  .     (no gloves)
rMut   .         Stasis   .     b - +0 pair of boots
MR     .....                    t - amulet of guardian spirit
Stlth  ..........               c - ring of protection from cold
                                o - ring of poison resistance

@: very slow, not resistant to hostile enchantments, extremely unstealthy
A: talons 1, repulsion field 1, demonic guardian 1
a: Bend Time, Renounce Religion


You were on level 5 of the Dungeon.
You worshipped Cheibriados.
Cheibriados was pleased with you.
You were not hungry.

You visited 1 branch of the dungeon, and saw 5 of its levels.

You collected 327 gold pieces.

Inventory:

Hand Weapons
 a - a +0 flail (weapon)
Armour
 b - a +0 pair of boots (worn)
 w - a +0 shield (worn)
 z - a +0 plate armour (worn)
Jewellery
 c - a ring of protection from cold (right hand)
 o - a ring of poison resistance (left hand)
 t - an amulet of guardian spirit (around neck)
Wands
 D - a wand of random effects (34)
 F - a wand of slowing (29)
 L - a wand of lightning (6)
Scrolls
 l - a scroll of noise {unknown}
 m - a scroll of magic mapping {unknown}
 n - 4 scrolls of identify {unknown}
 s - 4 scrolls of remove curse {@r2}
 u - 2 scrolls of blinking {unknown}
 v - 2 scrolls of recharging
 x - a scroll of amnesia {unknown}
 y - 3 scrolls of teleportation {unknown}
Potions
 d - 2 potions of might
 f - a potion of invisibility {unknown}
 g - 3 potions of curing {unknown}
 h - a potion of haste {unknown}
 i - 2 potions of heal wounds {unknown}
 j - a potion of brilliance {unknown}
 k - a potion of cure mutation {unknown}
 p - a potion of agility {unknown}
 q - a potion of resistance {unknown}
 r - 2 potions of cancellation {unknown}
 B - a potion of lignification {unknown}
 E - a potion of berserk rage {unknown}
Comestibles
 e - 4 bread rations
 A - a slice of pizza
 C - a meat ration


   Skills:
 - Level 3.3 Fighting
 + Level 5.6 Maces & Flails
 - Level 3.0 Armour
 - Level 3.1 Shields


You had 5 spell levels left.
You didn't know any spells.

Dungeon Overview and Level Annotations

Branches:
Dungeon (5/15)
 Temple: D:4-7

Altars:
Cheibriados
Gozag
The Shining One


Innate Abilities, Weirdness & Mutations

You have sharp toenails.
You are surrounded by a mild repulsion field (EV +2).
A weak demonic guardian rushes to your aid.


Message History

Your quasit claws the quokka but does no damage.
Your quasit misses the jackal.
Your quasit claws the jackal but does no damage.
Your quasit misses the jackal. The jackal closely misses your quasit.
The orc wizard gestures wildly while chanting.
The orc wizard seems to speed up.
You block the quokka's attack.
The jackal bites you but does no damage.
Your quasit bites the quokka.
Your quasit closely misses the quokka.
Your quasit claws the quokka.
Your plate armour prevents you from hitting the quokka.
The quokka is almost dead.
The jackal closely misses your quasit.
Your quasit bites the jackal but does no damage.
Your quasit closely misses the jackal.
Your quasit claws the jackal but does no damage.
The orc wizard moves out of view.
You block the centaur zombie's attack. You block the quokka's attack.
You block the jackal's attack.
The orc priest mumbles some strange prayers to Beogh against you.
Something smites you!
You die...

.....
.... .
ਜ...
ਜ.ਜo.oਜ
....oo.
ਜ....


ਜh5ਜਜ ਜ.Zrਜ ਜਜ5@ਜ ਜਜhh...ਜ ਜ.ਜਜਜ.ਜ ਜ.ਜ ਜ.ਜ ਜ.ਜ ਜਜ§ ਜ You could see a hound, 2
orc priests, 2 orcs, a centaur zombie, a quokka, 2 jackals and 2 friendly
quasits.

Vanquished Creatures
  A giant frog skeleton (D:4)
  2 orc wizards (D:4)
  A centaur skeleton (D:4)
  2 worker ants (D:4)
  Natasha (thrice) (D:4)
  6 adders
  An adder skeleton (D:4)
  An ooze (D:2)
  3 worms
  2 giant geckos
  12 orcs (D:4)
  2 ball pythons (D:2)
  4 bats
  A giant cockroach (D:1)
  7 hobgoblins
  3 jackals
  11 kobolds
  A quokka (D:4)
  4 giant newts
  7 goblins
  12 rats
86 creatures vanquished.

Notes
Turn   | Place    | Note
--------------------------------------------------------------
     0 | D:1      | Goblin1989 the Demonspawn Fighter began the quest for the Orb.
     0 | D:1      | Reached XP level 1. HP: 18/18 MP: 1/1
   287 | D:1      | Gained mutation: You have sharp toenails. [demonic ancestry]
   287 | D:1      | Reached XP level 2. HP: 22/24 MP: 2/2
   468 | D:1      | Found a snail-covered altar of Cheibriados.
   469 | D:1      | jacquesderrida: chet annihilated
   472 | D:1      | jacquesderrida: Cheiborders
   475 | D:1      | jacquesderrida: ETO SUDBA
   476 | D:1      | Became a worshipper of Cheibriados the Contemplative
   818 | D:2      | Gained mutation: You are surrounded by a mild repulsion field (EV +2). [demonic ancestry]
   818 | D:2      | Reached XP level 3. HP: 26/29 MP: 3/3
   948 | D:2      | Reached * piety under Cheibriados
  1278 | D:2      | Reached XP level 4. HP: 35/35 MP: 4/4
  1324 | D:2      | Reached skill level 4 in Maces & Flails
  2069 | D:4      | Found an opulent altar of Gozag.
  2115 | D:4      | Noticed Natasha
  2127 | D:4      | Killed Natasha
  2127 | D:4      | Reached ** piety under Cheibriados
  2127 | D:4      | Reached skill level 5 in Maces & Flails
  2127 | D:4      | Reached XP level 5. HP: 31/41 MP: 5/5
  2484 | D:4      | Found a glowing golden altar of the Shining One.
  2530 | D:4      | Noticed Natasha
  2534 | D:4      | Killed Natasha
  2542 | D:4      | Noticed Natasha
  2546 | D:4      | Killed Natasha
  2938 | D:4      | Gained mutation: A weak demonic guardian rushes to your aid. [demonic ancestry]
  2938 | D:4      | Reached XP level 6. HP: 43/47 MP: 6/6
  3124 | D:5      | Entered Level 5 of the Dungeon
  3132 | D:5      | Killed from afar by an orc priest

Action                   |  1- 3 |  4- 6 || total
-------------------------+-------+-------++-------
Melee: Flail             |   136 |   166 ||   302
  Use: Scroll            |       |     2 ||     2
  Eat: Chunk             |     1 |     3 ||     4

Vault maps used:
D:1:      evilmike_arrival_run_for_it, minivault_25, serial_bayou_pond_b,
          cheibriados_altar_1
D:3:      minivault_25, minmay_misc_feat_iff
D:4:      grunt_gozag_statues, marbit_many_paths, first_bread, uniq_natasha
D:5:      basic_altar, grunt_dithmenos_smoke_and_mirrors
